 Dungeon Crawl Stone Soup version 0.18.1-50-g88ac8fd (webtiles) character file.

98 Nordron the Firebug (level 4, -2/25 HPs)
             Began as a Gargoyle Fire Elementalist on Sept 24, 2016.
             Killed by divine providence
             ... invoked by an orc priest
              (15 damage)
             ... on level 3 of the Dungeon.
             The game lasted 00:10:44 (1993 turns).

Nordron the Firebug (Gargoyle Fire Elementalist)    Turns: 1993, Time: 00:10:45

Health: -2/25      AC:  6    Str: 12    XL:     4   Next: 71%
Magic:  1/7        EV: 12    Int: 16    God:
Gold:   98         SH:  0    Dex: 10    Spells: 2 memorised, 3 levels left

rFire  . . .     SeeInvis .     n - +0 flail
rCold  . . .     Gourm    .     a - +0 robe
rNeg   + . .     Faith    .     (no shield)
rPois  ∞         Spirit   .     (no helmet)
rElec  +         Dismiss  .     (no cloak)
rCorr  .         Reflect  .     (no gloves)
SustAt .         Harm     .     t - +0 pair of boots
MR     .....                    (no amulet)
Stlth  ++........               (no ring)
                                (no ring)

@: very slightly contaminated, not resistant to hostile enchantments, unstealthy
A: negative energy resistance 1, electricity resistance, unbreathing,
petrification resistance, rot immunity, AC +3
a: no special abilities


You were on level 3 of the Dungeon.
You were hungry.

You visited 1 branch of the dungeon, and saw 3 of its levels.

You collected 98 gold pieces.

Inventory:

Hand Weapons
 n - a +0 flail (weapon)
Armour
 a - a +0 robe (worn)
 q - a +0 leather armour
 t - a +0 pair of boots (worn)
Scrolls
 d - a scroll of immolation {unknown}
 h - a scroll of noise {unknown}
 k - a scroll of random uselessness {unknown}
 p - 3 scrolls of identify {unknown}
 s - 2 scrolls of fear {unknown}
Potions
 e - a potion of flight {unknown}
 f - a potion of curing {unknown}
 i - a potion of degeneration {unknown}
 l - a potion of experience {unknown}
 o - 3 potions of magic {unknown}
Books
 b - a book of Flames

   Spells                             Type                      Level
   a - Flame Tongue                   Conjuration/Fire             1
   b - Throw Flame                    Conjuration/Fire             2
   c - Conjure Flame                  Conjuration/Fire             3
   d - Inner Flame                    Hexes/Fire                   3
   e - Sticky Flame                   Conjuration/Fire             4
   f - Fireball                       Conjuration/Fire             5
Comestibles
 c - 2 bread rations
 g - 4 beef jerkies
 j - a royal jelly
 m - 10 chunks of flesh
 r - 2 meat rations


   Skills:
 + Level 1.4 Fighting
 - Level 1.5 Dodging
 - Level 2.1 Stealth
 - Level 2.0 Spellcasting
 - Level 1.1 Conjurations
 * Level 5.0 Fire Magic


You had 3 spell levels left.
You knew the following spells:

 Your Spells              Type           Power        Failure   Level  Hunger
a - Flame Tongue          Conj/Fire      ##...        8%          1    #......
b - Conjure Flame         Conj/Fire      ##......     17%         3    ###....


Dungeon Overview and Level Annotations

Branches:
Dungeon (3/15)

Altars:


Innate Abilities, Weirdness & Mutations

You are resistant to torment.
Your stone body is resilient (AC +3).
You are immune to poison.
You resist negative energy.
You are resistant to electric shocks.
You can survive without breathing.
You are immune to petrification.
You are immune to rotting.


Message History

An orc comes into view. It is wielding a trident.
Casting: Flame Tongue
Confirm with . or Enter, or press ? or * to list all spells.
Aiming: Flame Tongue
Press: ? - help, Shift-Dir - straight line, f/p - orc priest
Aim: an orc priest, wielding a dagger (heavily wounded)
You miscast Flame Tongue.
You are very lightly contaminated with residual magic.
Nothing appears to happen.
The orc priest misses you.
Casting: Flame Tongue
Confirm with . or Enter, or press ? or * to list all spells.
Aiming: Flame Tongue
Press: ? - help, Shift-Dir - straight line, f/p - orc priest
Aim: an orc priest, wielding a dagger (moderately wounded)
You miscast Flame Tongue.
Nothing appears to happen.
You are feeling hungry.
The orc priest calls down the wrath of Beogh upon you.
Beogh smites you!
Ouch! That really hurt!
You die...

#.........####'########
#.........# #.#
#.......).# #.#
#.........####.#
#...........##.#
#...........##.###.#
#...........#.....
#...........#..#
#............@#
#########.....o#
##..#..o.. #..##......
#..# .####.. #..# .. #
#..# ... #.. .###


You could see an orc priest and an orc.

Vanquished Creatures
  2 adders
  2 oozes
  A worm (D:2)
  2 dart slugs (D:1)
  4 giant geckos
  3 orcs (D:3)
  7 giant cockroaches
  7 goblins
  4 hobgoblins
  2 jackals (D:2)
  4 kobolds
  8 bats
  4 giant newts
  8 rats
  A plant (D:2)
59 creatures vanquished.

Notes
Turn   | Place    | Note
--------------------------------------------------------------
     0 | D:1      | Nordron the Gargoyle Fire Elementalist began the quest for the Orb.
     0 | D:1      | Reached XP level 1. HP: 10/10 MP: 3/3
   134 | D:1      | Reached XP level 2. HP: 10/15 MP: 3/5
   443 | D:1      | Reached skill level 4 in Fire Magic
   455 | D:1      | Reached XP level 3. HP: 9/19 MP: 0/6
   943 | D:1      | You fall through a shaft!
  1166 | D:2      | Reached XP level 4. HP: 24/24 MP: 3/7
  1722 | D:2      | Reached skill level 1 in Fighting
  1812 | D:2      | Learned a level 3 spell: Conjure Flame
  1936 | D:3      | Reached skill level 5 in Fire Magic
  1993 | D:3      | Killed from afar by an orc priest

Skill      XL: |  1  2  3  4 |
---------------+-------------+-----
Fire Magic     | 4 5 |  5.0
Fighting       | 1 |  1.4
Dodging        | |  1.5
Stealth        | |  2.1
Spellcasting   | |  2.0
Conjurations   | |  1.1

Action                   |  1- 3 |  4- 6 || total
-------------------------+-------+-------++-------
Melee: Unarmed           |    47 |       ||    47
       Flail             |     1 |    34 ||    35
 Cast: Flame Tongue      |    65 |    31 ||    96
  Eat: Chunk             |     2 |     3 ||     5
Armor: Robe              |    17 |     3 ||    20
Dodge: Dodged            |    39 |    29 ||    68
